 Dungeon Crawl Stone Soup version 0.31.0-32-g396128a36d (webtiles) character file.

Game seed: 7422649163590276245

119 AdnanSaban the Covered (level 5, -21/33 HPs)
             Began as a Gargoyle Fighter on Apr 13, 2024.
             Demolished by an ogre
             ... wielding a +0 giant spiked club
              (25 damage)
             ... on level 4 of the Dungeon.
             The game lasted 00:02:32 (2374 turns).

AdnanSaban the Covered (Gargoyle Fighter)           Turns: 2374, Time: 00:02:33

Health: -21/33     AC: 14    Str: 21    XL:     5   Next: 3%
Magic:  5/5        EV:  9    Int:  9    God:
Gold:   221        SH:  0    Dex:  9    Spells: 4/4 levels left

rFire   + . .        a - +0 flail
rCold   . . .        c - +0 buckler
rNeg    + . .        b - +0 scale mail
rPois   ∞            (no helmet)
rElec   +            r - +1 cloak
rCorr   .            (no gloves)
SInv    .            j - +0 pair of boots
Will    .....        (no amulet) Stlth
                     m - ring of protection from fire
HPRegen 0.25/turn    (no ring)
MPRegen 0.09/turn

%: no passive effects
@: confused
A: sickness immunity, AC +4, negative energy resistance 1, electricity
resistance, torment resistance 1, petrification resistance
a: no special abilities


You were on level 4 of the Dungeon.
You visited 1 branch of the dungeon, and saw 4 of its levels.

You collected 221 gold pieces.

Inventory:

Hand Weapons
 a - a +0 flail (weapon)
Missiles
 f - 10 darts of dispersal (quivered)
 n - 6 poisoned darts
 t - 4 javelins
Armour
 b - a +0 scale mail (worn)
 c - a +0 buckler (worn)
 j - a +0 pair of boots (worn)
 r - a +1 cloak (worn)
Jewellery
 m - a ring of protection from fire (left hand)
Scrolls
 g - 2 scrolls of teleportation {unknown}
 h - a scroll of immolation
 o - a scroll of fog {unknown}
 p - a scroll of poison {unknown}
 q - 2 scrolls of identify {unknown}
 s - a scroll of butterflies {unknown}
 u - a scroll of enchant weapon {unknown}
 v - a scroll of blinking {unknown}
Potions
 d - 2 potions of might
 e - 2 potions of enlightenment {unknown}
 i - a potion of berserk rage {unknown}
 k - a potion of lignification {unknown}
 l - 3 potions of curing {unknown}


   Skills:
 + Level 3.8 Fighting
 + Level 3.4 Maces & Flails
 + Level 4.3 Armour
 + Level 0.4 Dodging
 + Level 3.6 Shields


You had 4 spell levels left.
You didn't know any spells.
Your spell library contained the following spells:

 Spells                   Type           Power      Damage    Failure   Level
 Kiss of Death            Conj/Necr      0%         2d5       78%         1
 Sandblast                Erth           0%         2d4       78%         1
 Confusing Touch          Hex            0%         N/A       98%         3
 Passwall                 Erth           0%         N/A       98%         3
 Stone Arrow              Conj/Erth      0%         3d7       98%         3
 Brom's Barrelling Bould  Conj/Erth      0%         2d3       100%        4
 Dispel Undead            Necr           0%         3d6       100%        4


Dungeon Overview and Level Annotations

Branches:
Dungeon (4/15)
 Temple: D:4-7

Altars:
Elyvilon
Ru
Uskayaw


Innate Abilities, Weirdness & Mutations

You are immune to sickness and miasma.
Your stone body is resilient. (AC +4)
You are immune to poison.
You resist negative energy. (rN+)
You are resistant to electric shocks. (rElec)
You are resistant to unholy torment.
You are immune to petrification.


Message History

The orc throws a boomerang.
The boomerang misses you.
The orc priest attacks as it pursues you!
The orc priest hits you from afar with a +0 trident.
The orc priest hits you from afar with a +0 trident.
The orc priest attacks as it pursues you!
You block the orc priest's attack.
The ogre shouts!
An orc wizard appears from thin air!
Reactivating autopickup.
The orc wizard casts a spell at you.
You are confused.
The orc priest casts a cantrip, but nothing happens.
The orc priest misses you.
The orc wizard attacks as it pursues you!
The orc wizard hits you but does no damage.
The orc priest closely misses you.
The orc throws a boomerang.
The boomerang hits you.
The orc wizard hits you but does no damage.
You feel less confused. The orc priest barely misses you.
The orc throws a boomerang.
You block the boomerang.
The orc wizard attacks as it pursues you!
The orc wizard hits you but does no damage.
The orc priest completely misses you.
The orc wizard hits you with a +0 dagger.
The orc priest calls upon Beogh to heal the orc.
The orc's wounds heal themselves!
The orc hits you but does no damage.
The orc wizard gestures at you while chanting.
You are confused.
The orc priest invokes the aid of Beogh against you.
Beogh smites you!
The ogre hits you with a +0 giant spiked club!
* * * LOW HITPOINT WARNING * * *
The orc barely misses you.
The orc wizard hits you but does no damage.
The orc priest hits you but does no damage.
The orc barely misses you. The ogre attacks as it pursues you!
The ogre hits you with a +0 giant spiked club!!
Ouch! That really hurt!
You die...

.................#
........#........# ..
........#........# ...
........#........# #####..#
......#####..#.### #.....:#
.............#.#####.....#
.....#........o...#......#
.....##.......oo.........#
.#.####........O@#.......#
o#.# #............#.....###
...# ########...#.#........
...# #....................
...# #..................##
...#####............##.####
...............####.#.o#
.......##..##### #.#.##
...........$## ##..!#


You could see an ogre, an orc priest, an orc wizard and an orc.

Vanquished Creatures
  A hound (D:3)
  An iguana (D:4)
  An adder (D:3)
  An orc (D:3)
  6 endoplasms
  3 giant cockroaches
  5 goblins
  6 hobgoblins
  2 kobolds
  2 quokkas
  5 ball pythons
  5 bats
  3 frilled lizards
  A rat (D:1)
42 creatures vanquished.

Vanquished Creatures (others)
  An orc wizard (D:4)
1 creature vanquished.

Grand Total: 43 creatures vanquished

Notes
Turn   | Place    | Note
-------+----------+-------------------------------------------
     0 | D:1      | AdnanSaban the Gargoyle Fighter began the quest for the
                  | Orb.
     0 | D:1      | Reached XP level 1. HP: 14/14 MP: 1/1
   235 | D:1      | Reached XP level 2. HP: 19/19 MP: 2/2
   242 | D:1      | Found a faded altar of an unknown god.
   972 | D:2      | Reached XP level 3. HP: 24/24 MP: 3/3
  1067 | D:2      | Found a sacrificial altar of Ru.
  1660 | D:3      | Found a hide-covered altar of Uskayaw.
  1922 | D:3      | Found a white marble altar of Elyvilon.
  2060 | D:4      | Reached skill level 4 in Armour
  2060 | D:4      | Reached XP level 4. HP: 20/29 MP: 4/4
  2175 | D:4      | Noticed an ogre
  2328 | D:4      | Reached XP level 5. HP: 30/33 MP: 5/5
  2374 | D:4      | Demolished by an ogre

Illustrated notes

Levels and vault maps discovered:
D:1:      onia_arrival_pyramid, layout_loops_corners,
          hellmonk_ecumenical_altar_blasted, minmay_pentomino_v4
D:2:      layout_basic, basic_altar, minmay_misc_feat_plants
D:3:      layout_rooms, elyvilon_altar_5, mainiacjoe_overflow_boulevard
D:4:      layout_rooms, mainiacjoe_overflow_paths

Skill      XL: |  1  2  3 |
---------------+----------+-----
Maces & Flails | 3 |  3.4
Armour         | 4 |  4.3
Fighting       | |  3.8
Dodging        | |  0.4
Shields        | |  3.6

Action                     |  1- 3 |  4- 6 || total
---------------------------+-------+-------++-------
  Melee: Flail             |   139 |    30 ||   169
 Armour: Scale mail        |    93 |    79 ||   172
  Dodge: Dodged            |    70 |    23 ||    93
  Block: Buckler           |    29 |    11 ||    40
